 Dungeon Crawl Stone Soup version 0.27.0 (webtiles) character file.

Game seed: 8647103307462608942

4104 ZARRMARR the Protected (level 10, -2/83 HPs)
             Began as a Hill Orc Fighter on July 30, 2021.
             Was a Believer of Beogh.
             Slain by a killer bee (3 damage)
             ... on level 9 of the Dungeon on July 31, 2021.
             The game lasted 01:16:56 (15748 turns).

ZARRMARR the Protected (Hill Orc Fighter)          Turns: 15748, Time: 01:16:57

Health: -2/83      AC: 15    Str: 19 (20) XL:     10   Next: 26%
Magic:  0/10       EV:  6    Int: 14      God:    Beogh [**....]
Gold:   516        SH: 10    Dex: 10      Spells: 9/9 levels left

rFire    . . .     SeeInvis .   e - +2 dagger (venom)
rCold    . . .     Faith    .   c - +0 kite shield
rNeg     + . .     Spirit   +   p - +0 chain mail of Daamnog {+Blink rN+ Str-3}
rPois    .         Reflect  .   r - +0 helmet
rElec    .         Harm     .   s - +0 cloak
rCorr    .         Rampage  .   a - +0 pair of gloves
Will     +....                  (no boots)
Stlth    ..........             D - amulet of guardian spirit
HPRegen  0.23/turn              v - ring of willpower
MPRegen  0.12/turn              G - +6 ring of intelligence

@: no status effects
A: no striking features
a: Renounce Religion, Evoke Blink, Smiting


You were on level 9 of the Dungeon.
You worshipped Beogh.
Beogh was pleased with you.
You visited 1 branch of the dungeon, and saw 9 of its levels.

You collected 516 gold pieces.

Inventory:

Hand Weapons
 b - a +3 quarterstaff of chaos
 e - a +2 dagger of venom (weapon)
 k - a +2 trident of venom
 q - a +1 dagger of draining
 u - a +3 glaive
 y - a +1 vampiric short sword
 C - a +0 flail of protection
Missiles
 h - 3 atropa-tipped darts
 n - 2 boomerangs (quivered)
 z - 35 poisoned darts
 A - a curare-tipped dart
Armour
 a - a +0 pair of gloves (worn)
 c - a +0 kite shield (worn)
 p - the +0 chain mail of Daamnog (worn) {+Blink rN+ Str-3}
   (You found it on level 4 of the Dungeon)

   Str:       It affects your strength (-3).
   rN:        It protects you from negative energy.
   +Blink:    It lets you blink.
 r - a +0 helmet (worn)
 s - a +0 cloak (worn)
Jewellery
 v - a ring of willpower (left hand)
 D - an amulet of guardian spirit (around neck)
 G - a +6 ring of intelligence (right hand)
 H - a +6 ring of intelligence
Wands
 t - a wand of paralysis (7)
 B - a wand of acid (8)
Scrolls
 d - 3 scrolls of amnesia
 g - a scroll of fear {unknown}
 j - 2 scrolls of magic mapping
 l - 2 scrolls of enchant weapon
 o - 4 scrolls of noise
 w - 2 scrolls of teleportation {unknown}
Potions
 i - a potion of attraction
 m - a potion of brilliance
 x - a potion of invisibility {unknown}
 F - a potion of lignification {unknown}


   Skills:
 + Level 6.2 Fighting
 + Level 5.3 Short Blades
 - Level 2.7 Axes
 + Level 7.0 Throwing
 + Level 8.7 Armour
 + Level 2.4 Dodging
 - Level 0.1 Stealth
 + Level 6.7 Shields
 + Level 0.2 Invocations
 + Level 2.6 Evocations


You had 9 spell levels left.
You didn't know any spells.
Your spell library contained the following spells:

 Spells                   Type           Power      Damage    Failure   Level
 Animate Skeleton         Necr           0%         N/A       100%        1
 Apportation              Tloc           0%         N/A       100%        1
 Corona                   Hex            0%         N/A       100%        1
 Pain                     Necr           0%         1d4       100%        1
 Sandblast                Erth           0%         2d4       100%        1
 Summon Small Mammal      Summ           0%         N/A       100%        1
 Passwall                 Tmut/Erth      0%         N/A       100%        2
 Portal Projectile        Hex/Tloc       0%         N/A       100%        3
 Vampiric Draining        Necr           0%         2d6       100%        3
 Animate Dead             Necr           0%         N/A       100%        4
 Agony                    Necr           0%         N/A       100%        5
 Blade Hands              Tmut           0%         N/A       100%        5
 Borgnjor's Vile Clutch   Necr/Erth      0%         N/A       100%        5
 Excruciating Wounds      Necr           0%         N/A       100%        5
 Lee's Rapid Deconstruct  Erth           0%         3d5*      100%        5
 Death Channel            Necr           0%         N/A       100%        6


Dungeon Overview and Level Annotations

Branches:
Dungeon (9/15)             Temple (0/1) D:5
   Lair: D:8-11         Orc: D:9-12

Altars:
Cheibriados
Dithmenos
Fedhas
Hepliaklqana
Kikubaaqudgha
Makhleb
Nemelex Xobeh
Okawaru
Qazlal
Sif Muna
Trog
Uskayaw
Vehumet
Yredelemnul

Shops:
D:9 [


Message History

You are more poisoned.
The killer bee poisons you! The killer bee closely misses you.
The killer bee stings you but does no damage. x3
You blink.
You feel sick.
The killer bee stings you but does no damage.
You blink.
You feel sick.
You fail to use your ability.
You feel sick. You block the killer bee's attack.
The killer bee barely misses you.
The killer bee stings you but does no damage.
You fail to use your ability.
You feel sick. The killer bee stings you.
The killer bee stings you but does no damage.
The killer bee barely misses you. The killer bee closely misses you.
You fail to use your ability.
You feel sick.
The killer bee stings you but does no damage.
You block the killer bee's attack. x2
The killer bee stings you but does no damage.
The killer bee stings you!
* * * LOW HITPOINT WARNING * * *
The killer bee barely misses you. You block the killer bee's attack.
The killer bee stings you but does no damage.
You fail to use your ability.
You feel sick. You block the killer bee's attack.
The killer bee stings you but does no damage. x2
The killer bee stings you.
* * * LOW HITPOINT WARNING * * *
The killer bee stings you but does no damage.
The killer bee closely misses you. The killer bee barely misses you.
You fail to use your ability.
You feel sick.
You are no longer poisoned.
You block the killer bee's attack.
The killer bee stings you but does no damage. x2
You block the killer bee's attack. The killer bee stings you!
* * * LOW HITPOINT WARNING * * *
The killer bee stings you but does no damage. x2
The killer bee completely misses you.
The killer bee stings you but does no damage.
You blink.
You block the killer bee's attack. x2
The killer bee closely misses you. The killer bee stings you!
* * * LOW HITPOINT WARNING * * *
The killer bee stings you.
You die...

#○...○# #..#
#.......... ###.####
#..#######..[.......
#....#
#...................
##...#
#..........[........
#...#
#...#####...........
#...#######...#
#......<....
#.............#
#...[..))...
#.............#
#...........
#..########yy@#
#........... #..#
#.yy# #...........
#..# #.§y#
#........... #..#
#...# #...........
#..# #...#
########.... ####..#
#...# #.... ......#
#...# ###.. #####.#
#...# #.# #...#


You could see 5 killer bees.

Vanquished Creatures
  A slime creature (D:5)
  Prince Ribbit (D:7)
  Eustachio (D:5)
  3 water moccasins
  An orc warrior (D:8)
  2 black bears
  A sky beast (D:7)
  4 ogres
  2 necrophages
  2 centaurs
  A kobold brigand (D:7)
  A bullfrog (D:9)
  4 scorpions
  A gnoll sergeant (D:7)
  A water moccasin zombie (D:6)
  A water moccasin skeleton (D:5)
  6 killer bees
  A centaur skeleton (D:4)
  An iron imp (D:5)
  6 orc priests
  2 hounds (D:4)
  13 jellies
  Crazy Yiuf (D:4)
  A bullfrog skeleton (D:5)
  5 iguanas
  11 orc wizards
  A hound zombie (D:5)
  A howler monkey zombie (D:5)
  Robin (D:4)
  6 gnolls
  5 adders
  A shadow imp (D:8)
  An adder skeleton (D:4)
  2 worms
  3 dart slugs
  23 orcs
  A ball python (D:4)
  3 bats
  26 endoplasms
  4 giant cockroaches
  21 goblins
  10 hobgoblins
  5 quokkas
  4 frilled lizards
  A jackal zombie (D:5)
  9 kobolds
  2 rats
204 creatures vanquished.

Vanquished Creatures (others)
  An adder (D:5)
  A frilled lizard (D:3)
  7 fungi (D:7)
9 creatures vanquished.

Grand Total: 213 creatures vanquished

Notes
Turn   | Place    | Note
-------+----------+-------------------------------------------
     0 | D:1      | ZARRMARR the Hill Orc Fighter began the quest for the Orb.
     0 | D:1      | Reached XP level 1. HP: 19/19 MP: 1/1
   354 | D:1      | Reached XP level 2. HP: 27/27 MP: 2/2
   822 | D:1      | Reached XP level 3. HP: 33/33 MP: 3/3
  1276 | D:1      | Reached skill level 1 in Short Blades
  1651 | D:2      | Reached XP level 4. HP: 38/40 MP: 4/4
  2246 | D:3      | Reached skill level 4 in Armour
  2387 | D:3      | Became a worshipper of Beogh the Brigand
  2440 | D:3      | Reached skill level 1 in Throwing
  2571 | D:3      | Reached XP level 5. HP: 47/47 MP: 5/5
  2891 | D:4      | Noticed a black bear
  2907 | D:4      | Killed a black bear
  2908 | D:4      | Reached XP level 6. HP: 34/53 MP: 6/6
  3299 | D:4      | Reached skill level 1 in Dodging
  3299 | D:4      | Reached XP level 7. HP: 60/60 MP: 7/7
  3335 | D:4      | Reached * piety under Beogh
  3969 | D:4      | Reached skill level 5 in Armour
  4011 | D:4      | Noticed Robin
  4047 | D:4      | Killed Robin
  4165 | D:4      | Identified the +0 chain mail of Daamnog {+Blink rN+ Str-3}
  4230 | D:4      | Found a runed translucent door.
  4231 | D:4      | Noticed Crazy Yiuf
  4331 | D:5      | Entered Level 5 of the Dungeon
  4382 | D:5      | Noticed a human
  4383 | D:5      | Found a runed translucent door.
  4395 | D:5      | Found a basalt altar of Yredelemnul.
  4617 | D:5      | Found a staircase to the Ecumenical Temple.
  4766 | D:5      | Reached XP level 8. HP: 65/67 MP: 8/8
  5152 | D:5      | Noticed Eustachio
  5178 | D:5      | Killed Eustachio
  5179 | D:5      | Reached skill level 5 in Throwing
  5467 | D:5      | Found a snail-covered altar of Cheibriados.
  5683 | D:4      | Killed Crazy Yiuf
  5877 | D:6      | Reached skill level 6 in Armour
  6333 | D:6      | Found a hazy altar of Hepliaklqana.
  6495 | D:6      | Found an iron altar of Okawaru.
  6545 | D:6      | Reached skill level 5 in Shields
  6636 | D:6      | Reached ** piety under Beogh
  6746 | D:6      | Found a hide-covered altar of Uskayaw.
  6789 | D:6      | Found a bloodstained altar of Trog.
  7078 | D:7      | Noticed Prince Ribbit
  7095 | D:7      | Killed Prince Ribbit
  7096 | D:7      | Reached skill level 5 in Fighting
  7096 | D:7      | Reached skill level 7 in Armour
  7096 | D:7      | Reached XP level 9. HP: 33/74 MP: 9/9
  7319 | D:7      | Found a sparkling altar of Nemelex Xobeh.
  7608 | D:7      | Found a burning altar of Makhleb.
 10822 | D:8      | Reached skill level 8 in Armour
 12259 | D:7      | Reached skill level 1 in Evocations
 12755 | D:5      | Reached skill level 5 in Short Blades
 12755 | D:5      | Reached XP level 10. HP: 22/83 MP: 10/10
 14147 | D:7      | Found a shadowy altar of Dithmenos.
 14193 | D:7      | Noticed a blizzard demon
 14572 | D:8      | Found an ancient bone altar of Kikubaaqudgha.
 14573 | D:8      | Found a shimmering blue altar of Sif Muna.
 14575 | D:8      | Found a radiant altar of Vehumet.
 14580 | D:8      | Got Kikubaaqudgha's Tome of Evil Rites
 15472 | D:9      | Found a blossoming altar of Fedhas.
 15529 | D:9      | Found a stormy altar of Qazlal.
 15557 | D:9      | Found Liklo's Antique Armour Boutique.
 15748 | D:9      | HP: 1/83 [killer bee (7)]
 15748 | D:9      | Slain by a killer bee

Illustrated notes

Levels and vault maps discovered:
D:1:      amcnicky_arrival_feature_with_door, layout_basic, minmay_door_square,
          chequers_big_river, minmay_tetromino_o4
D:2:      layout_basic
D:3:      layout_basic, kennysheep_generic_room_14
D:4:      cheibrodos_pilgrimage, layout_cave_pools, uniq_crazy_yiuf_cottage,
          uniq_robin
D:5:      layout_loops_corners, chei_slow_surprise, dk_yredelemnul_ordeal,
          minmay_temple_entry_glass, corexii_item_surrounded_by_moat,
          st_stairs_1, uniq_eustachio
D:6:      layout_loops_corners, general_overflow_altar,
          mainiacjoe_overflow_brackets, trog_book,
          worldfamousw_hep_ancestral_shrine
D:7:      lemuel_slime, layout_cave_pools, makhleb_altar_promises_db,
          nemelex_xobeh_ov_fountains_minmay, mainiacjoe_overflow_alcove_4,
          nrook_uturn, uniq_prince_ribbit1
D:8:      layout_rooms, grunt_temple_overflow_magic_moments,
          minmay_misc_feat_chi, roderic_three_in_a_row, minmay_misc_feat_five,
          kennysheep_small_square
D:9:      layout_long_grid, mainiacjoe_overflow_catwalk, grunt_qazlal_clouds,
          kennysheep_orc_monster_closet_entryway, special_room
          [special_room_orc], serial_shops, shop, st_stairs_10

Skill      XL: |  1  2  3  4  5  6  7  8  9 10 |
---------------+-------------------------------+-----
Fighting       | 4 5 6 |  6.2
Short Blades   | 1 2 3 4 5 |  5.3
Armour         | 4 5 7 8 |  8.7
Throwing       | 1 2 3 4 5 6 7 |  7.0
Shields        | 4 5 6 |  6.7
Dodging        | 1 2 |  2.4
Evocations     | 2 |  2.6
Axes           | |  2.7
Stealth        | |  0.1
Invocations    | |  0.2

Action                   |  1- 3 |  4- 6 |  7- 9 | 10-12 || total
-------------------------+-------+-------+-------+-------++-------
Melee: Dagger            |    77 |    86 |   479 |   156 ||   798
       War axe           |     4 |       |       |       ||     4
Throw: Boomerang         |    17 |    79 |    74 |    23 ||   193
       Stone             |       |       |    59 |       ||    59
       Dart              |       |       |    73 |    27 ||   100
Invok: Convert to Beogh  |       |     1 |       |       ||     1
       Smiting           |       |       |     1 |       ||     1
 Abil: Evoke Blink       |       |       |    13 |     8 ||    21
  Use: Scroll            |     2 |     2 |       |     2 ||     6
       Potion            |       |     1 |     5 |     1 ||     7
 Stab: Invisible         |       |       |     2 |       ||     2
Armor: Scale mail        |    18 |    33 |    27 |       ||    78
       Chain mail        |       |       |   185 |   100 ||   285
Dodge: Dodged            |    17 |    16 |   116 |    44 ||   193
Block: Kite shield       |    21 |    35 |   249 |    75 ||   380
